 Dungeon Crawl Stone Soup version 0.17.1-3-g152610e (webtiles) character file.

147 Jerry the Conjurer (level 5, -2/31 HPs)
             Began as an Octopode Wizard on Mar 29, 2016.
             Slain by a goblin (5 damage)
             ... led by Robin
             ... on level 3 of the Dungeon.
             The game lasted 00:18:38 (3611 turns).

Jerry the Conjurer (Octopode Wizard)                Turns: 3611, Time: 00:18:41

Health: -2/31      AC:  1    Str:  6    XL:     5   Next: 29%
Magic:  5/18       EV: 13    Int: 27    God:
Gold:   212        SH:  0    Dex: 11    Spells: 4 memorised, 1 level left

rFire  . . .     SeeInvis .     s - +0 quarterstaff
rCold  . . .     Clarity  .     (shield currently unavailable)
rNeg   . . .     SustAt   .     a - +0 hat
rPois  .         Gourm    .     (no amulet)
rElec  .         Spirit   .     k - +6 ring of intelligence
rCorr  .         Warding  .     l - ring of magical power
rMut   .         Stasis   .     (no ring)
MR     .....                    (no ring)
Stlth  +++.......               (no ring)
                                (no ring)
                                (no ring)
                                (no ring)

@: lethally poisoned (-2 -> -6), very slightly contaminated, not resistant to
hostile enchantments, fairly stealthy
A: almost no armour, amphibious, 8 rings, constrict 8, camouflage 1, gelatinous
body 1
a: no special abilities


You were on level 3 of the Dungeon.
You were not hungry.

You visited 1 branch of the dungeon, and saw 3 of its levels.

You collected 212 gold pieces.

Inventory:

Hand Weapons
 e - a +1 dagger
 s - a +0 quarterstaff (weapon)
Armour
 a - a +0 hat (worn)
Jewellery
 k - a +6 ring of intelligence (left tentacle)
 l - a ring of magical power (right tentacle)
Scrolls
 d - 2 scrolls of remove curse
 j - a scroll of immolation {unknown}
 o - a scroll of magic mapping {unknown}
 r - a scroll of identify
Potions
 g - a potion of resistance
 h - a potion of curing {unknown}
 m - a potion of mutation {unknown}
 n - a potion of poison {unknown}
Books
 b - a book of Minor Magic

   Spells                             Type                      Level
   a - Magic Dart                     Conjuration                  1
   b - Blink                          Translocation                2
   c - Call Imp                       Summoning                    2
   d - Repel Missiles                 Charms/Air                   2
   e - Slow                           Hexes                        2
   f - Conjure Flame                  Conjuration/Fire             3
   g - Mephitic Cloud                 Conjuration/Poison/Air       3
Comestibles
 c - 6 bread rations
 f - 2 royal jellies
 i - 3 meat rations
 p - 2 fruits
 q - a beef jerky
 t - 2 chunks of flesh


   Skills:
 - Level 3.1 Dodging
 - Level 2.6 Stealth
 - Level 3.0 Spellcasting
 + Level 4.3 Conjurations
   Level 1.0 Summonings
 - Level 1.0 Translocations


You had one spell level left.
You knew the following spells:

 Your Spells              Type           Power        Failure   Level  Hunger
a - Magic Dart            Conj           ####         1%          1    None
b - Conjure Flame         Conj/Fire      ###.....     14%         3    ###....
c - Mephitic Cloud        Conj/Pois/Air  ##......     17%         3    ###....
d - Blink                 Tloc           N/A          12%         2    #......


Dungeon Overview and Level Annotations

Branches:
Dungeon (3/15)

Altars:

Annotations:
D:3 Robin


Innate Abilities, Weirdness & Mutations

You cannot wear most types of armour.
You are amphibious.
You can wear up to eight rings at the same time.
You can use your tentacles to constrict eight enemies at once.
Your skin changes colour to match your surroundings (Stealth).
Your rubbery body absorbs attacks (AC +1).


Message History

You feel sick.
Casting: Mephitic Cloud
Confirm with . or Enter, or press ? or * to list all spells.
Aiming: Mephitic Cloud
Press: ? - help, Shift-Dir - straight line, f - you
Okay, then.
Casting: Mephitic Cloud
Confirm with . or Enter, or press ? or * to list all spells.
Aiming: Mephitic Cloud
Press: ? - help, Shift-Dir - straight line, f - goblin
Aim: a goblin (moderately wounded, consumed by blood-lust) That beam is likely to hit you.
Continue anyway?
The ball explodes into a vile cloud!
The stinking cloud engulfs the goblin.
The goblin is moderately wounded.
The stinking cloud engulfs the gnoll.
The stinking cloud engulfs you!
You are engulfed in noxious fumes.
* * * LOW HITPOINT WARNING * * *
The goblin is engulfed in noxious fumes.
The goblin hits you.
You die...

..# #..# #.##. #.# #..# #.##.
####.###..# #.### ..
###......#..# #.# ....
.'.........# ##.### ...
#......#.## #..... .
...###......#.# #..... ..
#......§§.#.# #..... ...
#.g...gg@.#.# #.....
....###.....§#.(#.###### #.....
....S.#.gg...##........###.....
...).†).)....##................
.)....#†..)..###.......########
##### #......# #...........####
######.# #............... #.#
##....#......... ######.#
#>......(....##


You could see Robin, a gnoll, a hobgoblin (frenzied) and 2 goblins.

Vanquished Creatures
  Terence (D:2)
  An adder (D:2)
  3 gnolls (D:2)
  2 oozes (D:1)
  4 orcs (D:3)
  10 bats
  2 giant cockroaches
  13 goblins
  9 hobgoblins
  3 jackals (D:3)
  2 quokkas (D:2)
  3 giant geckos
  5 giant newts (D:1)
  8 kobolds
  8 rats
74 creatures vanquished.

Notes
Turn   | Place    | Note
--------------------------------------------------------------
     0 | D:1      | Jerry the Octopode Wizard began the quest for the Orb.
     0 | D:1      | Reached XP level 1. HP: 11/11 MP: 4/4
   137 | D:1      | Reached XP level 2. HP: 15/17 MP: 0/6
   532 | D:1      | Reached XP level 3. HP: 17/21 MP: 0/7
  1754 | D:2      | Reached XP level 4. HP: 11/27 MP: 3/8
  1932 | D:2      | Learned a level 3 spell: Conjure Flame
  1936 | D:2      | Learned a level 3 spell: Mephitic Cloud
  2121 | D:2      | Noticed Terence
  2141 | D:2      | Killed Terence
  2514 | D:2      | HP: 1/27 [gnoll/spear (5)]
  2829 | D:2      | Reached XP level 5. HP: 16/31 MP: 0/9
  2844 | D:2      | Reached skill level 4 in Conjurations
  2948 | D:2      | Learned a level 2 spell: Blink
  3523 | D:3      | Found a faded altar to an unknown god.
  3592 | D:3      | Noticed Robin
  3611 | D:3      | Slain by a goblin

Action                   |  1- 3 |  4- 6 || total
-------------------------+-------+-------++-------
Melee: Dagger            |    24 |    29 ||    53
       Quarterstaff      |       |     5 ||     5
 Cast: Magic Dart        |    86 |    73 ||   159
       Mephitic Cloud    |       |     4 ||     4
  Use: Scroll            |     2 |     3 ||     5
  Eat: Chunk             |     2 |     6 ||     8
